 Seeded DCSS version 0.29.1-13-g9f3cf754e1 (webtiles) character file.

Game seed: 2733625707424447088 (custom seed)

13697 sanboga the Protected (level 12, -11/77 HPs)
             Began as a Gargoyle Berserker on Feb 6, 2023.
             Was an Elder of Trog.
             Engulfed by a hell hog's flame (13 damage)
             ... on level 1 of the Abyss.
             The game lasted 00:20:13 (14441 turns).

sanboga the Protected (Gargoyle Berserker)         Turns: 14441, Time: 00:20:14

Health: -11/77     AC: 34    Str: 33    XL:     12   Next: 8%
Magic:  12/12      EV:  6    Int:  7    God:    Trog [****..]
Gold:   413        SH:  0    Dex:  9    Spells: 11/11 levels left

rFire   + . .      SeeInvis .   a - +1 war axe (vorpal)
rCold   + + .      Faith    .   c - +1 tower shield
rNeg    + . .      Spirit   .   C - +0 plate armour
rPois   ∞          Reflect  .   o - +2 helmet
rElec   +          Harm     .   f - scarf {rC+ rF+}
rCorr   .          Rampage  .   l - +0 pair of gloves
Will    .....                   y - +3 pair of mountain boots {steadfast, rC+}
Stlth   ..........              (no amulet)
HPRegen 0.22/turn               j - ring of flight
MPRegen 0.13/turn               A - +6 ring of strength

@: confused, about to teleport, ambrosia-drunk, flying, studying Armour
A: sickness immunity, AC +8, negative energy resistance 1, electricity
resistance, torment resistance 1, petrification resistance
a: Renounce Religion, Berserk, Trog's Hand, Brothers in Arms


You were on level 1 of the Abyss.
You worshipped Trog.
Trog was greatly pleased with you.
You visited 1 branch of the dungeon, and saw 10 of its levels.
You visited the Abyss 1 time.
You also visited: Sewer and Ossuary.

You collected 797 gold pieces.
You spent 384 gold pieces at shops.

Inventory:

Hand Weapons
 a - a +1 vorpal war axe (weapon)
Armour
 c - a +1 tower shield (worn)
 f - a scarf of resistance (worn)
 l - a +0 pair of gloves (worn)
 o - a +2 helmet (worn)
 y - the +3 pair of mountain boots (worn) {steadfast, rC+}
   (You acquired it on level 5 of the Dungeon)

   It prevents involuntary movement, except for blinking, teleportation, or
   banishment.
   rC:        It protects you from cold.
 C - a +0 plate armour (worn)
Jewellery
 h - a ring of ice
 j - a ring of flight (left hand)
 n - a ring of protection from fire
 A - a +6 ring of strength (right hand)
Wands
 t - a wand of digging (5)
 z - a wand of flame (34)
 B - a wand of mindburst (7)
Scrolls
 e - 2 scrolls of magic mapping
 k - 8 scrolls of teleportation
 u - 2 scrolls of blinking
 x - 2 scrolls of enchant weapon
 E - 2 scrolls of identify
Potions
 b - a potion of mutation
 d - a potion of cancellation {unknown}
 i - 2 potions of might
 p - a potion of resistance
 s - a potion of brilliance {unknown}
 v - 3 potions of heal wounds {unknown}
 w - 2 potions of invisibility {unknown}


   Skills:
 + Level 10.1 Fighting
 * Level 11.5 Axes
 + Level 12.9 Armour
 - Level 1.5 Dodging
 + Level 9.4 Shields


You had 11 spell levels left.
You didn't know any spells.
Your spell library was empty.

Dungeon Overview and Level Annotations

Branches:
Dungeon (10/15)            Temple (0/1) D:6            Lair (0/5) D:9
  Sewer (visited)         Ossuary (visited)
    Orc: D:9-12

Altars:
Ashenzari
Cheibriados
Fedhas
Ru
Sif Muna
Trog
Vehumet
Wu Jian
Zin
The Shining One

Shops:
D:2 ?

Annotations:
D:10 Erolcha


Innate Abilities, Weirdness & Mutations

You are immune to sickness and miasma.
Your stone body is resilient. (AC +8)
You are immune to poison.
You resist negative energy. (rN+)
You are resistant to electric shocks. (rElec)
You are resistant to unholy torment.
You are immune to petrification.


Message History

You hit the small abomination.
The small abomination is lightly damaged.
You block the small abomination's attack.
You hit the small abomination but do no damage.
The small abomination is lightly damaged.
The small abomination hits you but does no damage.
You slash the small abomination!
The small abomination is almost destroyed.
You block the small abomination's attack.
The small abomination barely misses you.
You hit the small abomination.
The small abomination is almost destroyed.
You start to feel less resistant.
You block the small abomination's attack.
You barely miss the small abomination.
The small abomination is almost destroyed.
You block the small abomination's attack.
You slice the small abomination!!
You destroy the small abomination!
Trog accepts your kill.
You start resting.
Your resistance to elements expires.
You start resting.
A hell hog comes into view. x2
The hell hog squeals angrily.
As you read the scroll of teleportation, it crumbles to dust.
You feel strangely unstable.
You feel the power of the Abyss delaying your translocation!
The hell hog attacks as you move away! The hell hog barely misses you.
The hell hog breathes fire at you.
The fireball explodes!
The fireball engulfs you! You resist.
* * * LOW HITPOINT WARNING * * *
The tree burns like a torch!
You hear an angry squeal.
You hear a bark! x2
You barely miss the hell hog.
You are engulfed in blazing flames.
You resist.
* * * LOW HITPOINT WARNING * * *
You block the hell hog's attack.
You are confused.
You feel invigorated.
You are engulfed in blazing flames.
You resist.
You die...

..# . .# .
# ...#♣..
♣#. #
#.#..#..
♣#. #
...#.#...#
#..#..#
#.#.. .
#♣.♣.♣#.#
#
#.#..§§§#
. #.♣§§§#
#.§§@§##
#♣§§h§#
♣♣.♣♣§.
### #..#
♣♣♣


You could see a hell hog (catching breath).

Vanquished Creatures
  A fire giant (D:9)
  Harold (D:9)
  4 two-headed ogres
  A death drake (shapeshifter) (D:9)
  A deep elf archer (D:10)
  An ugly thing (D:9)
  A cyclops (D:9)
  Maggie (D:6)
  An unseen horror (D:7)
  Psyche (D:10)
  An ancient zyme (Abyss:1)
  The ghost of Thatpatchoflichen the Trooper, an amateur DsMo of Sif Muna (D:5)
  4 hornets
  A shadow (D:10)
  2 wraiths
  Sigmund (D:4)
  2 fire bats (Abyss:1)
  A yak (D:9)
  The ghost of Enrique the Cudgeller, an amateur MeFi (D:8)
  Grum (D:9)
  A wyvern (D:9)
  Eustachio (D:4)
  A vampire mosquito (D:9)
  Menkaure (D:6)
  An acid dragon (D:8)
  Duvessa (D:6)
  A water moccasin (D:8)
  3 orc warriors
  2 ice beasts
  A black bear (D:6)
  2 wolves (D:9)
  2 ogres
  4 centaurs
  6 kobold brigands
  A necrophage (D:4)
  A gnoll sergeant (D:5)
  5 bullfrogs
  3 scorpions
  4 wights (D:6)
  A small abomination (Abyss:1)
  Dowan (D:6)
  6 killer bees
  2 howler monkeys
  3 vampire bats (Abyss:1)
  A centaur zombie (Ossuary)
  2 jellies
  2 hounds (D:6)
  3 orc priests
  Crazy Yiuf (D:4)
  5 orc wizards
  Terence (D:2)
  5 iguanas
  2 mummies (Ossuary)
  Robin (D:2)
  11 gnolls
  11 adders
  4 river rats (Sewer)
  2 white imps
  5 worms (D:2)
  6 dart slugs
  16 orcs
  15 ball pythons
  9 endoplasms
  4 giant cockroaches
  4 gnoll zombies (Ossuary)
  12 goblins
  18 hobgoblins
  5 jackals (Sewer)
  A quokka (D:1)
  6 bats
  3 frilled lizards (Sewer)
  4 goblin zombies (Ossuary)
  4 hobgoblin zombies (Ossuary)
  27 kobolds
  An orc zombie (Ossuary)
  13 rats
286 creatures vanquished.

Vanquished Creatures (collateral kills)
  A bat (D:2)
1 creature vanquished.

Vanquished Creatures (others)
  5 fungi
  21 plants
26 creatures vanquished.

Grand Total: 313 creatures vanquished

Notes
Turn   | Place    | Note
-------+----------+-------------------------------------------
     0 | D:1      | sanboga the Gargoyle Berserker began the quest for the Orb.
     0 | D:1      | Reached XP level 1. HP: 14/14 MP: 1/1
   224 | D:1      | Reached XP level 2. HP: 17/19 MP: 2/2
   637 | D:1      | Reached skill level 1 in Shields
   797 | D:1      | Reached XP level 3. HP: 21/23 MP: 3/3
  1335 | D:2      | Noticed Terence
  1345 | D:2      | Killed Terence
  1346 | D:2      | Reached XP level 4. HP: 24/29 MP: 4/4
  1419 | D:2      | Reached ** piety under Trog
  1419 | D:2      | Noticed Robin
  1449 | D:2      | Killed Robin
  1450 | D:2      | Reached skill level 3 in Armour
  1665 | D:2      | Found a faded altar of an unknown god.
  2136 | D:2      | Reached XP level 5. HP: 12/33 MP: 5/5
  2346 | D:2      | Found Peishrigong's Magic Scroll Shop.
  2392 | D:2      | Bought a scroll of fear for 44 gold pieces
  2861 | D:2      | Found a broken altar of Ashenzari.
  3057 | D:3      | Found a shimmering blue altar of Sif Muna.
  3144 | D:3      | Reached XP level 6. HP: 38/38 MP: 6/6
  3224 | D:3      | Found a blossoming altar of Fedhas.
  3399 | D:3      | Found a glowing golden altar of the Shining One.
  3399 | D:3      | Found a snail-covered altar of Cheibriados.
  3402 | D:3      | Reached *** piety under Trog
  3632 | D:2      | Bought a scroll of blinking for 82 gold pieces
  3678 | D:4      | Noticed Sigmund
  3793 | D:4      | Killed Sigmund
  3794 | D:4      | Reached skill level 4 in Armour
  3799 | D:4      | Found a radiant altar of Vehumet.
  3887 | D:4      | Found a bloodstained altar of Trog.
  3936 | D:4      | Reached XP level 7. HP: 30/44 MP: 7/7
  4118 | D:4      | Found a sacrificial altar of Ru.
  4179 | D:4      | Reached skill level 5 in Axes
  4216 | D:4      | Reached skill level 5 in Fighting
  4489 | D:4      | Found a glowing silver altar of Zin.
  4607 | D:4      | Noticed Eustachio
  4655 | D:4      | Killed Eustachio
  5129 | D:4      | Found a runed translucent door.
  5130 | D:4      | Noticed Crazy Yiuf
  5140 | D:4      | Killed Crazy Yiuf
  5141 | D:4      | Reached skill level 5 in Armour
  5233 | D:5      | Entered Level 5 of the Dungeon
  5241 | D:5      | Reached XP level 8. HP: 42/49 MP: 8/8
  5274 | D:5      | Found a runed translucent door.
  5278 | D:5      | Noticed Thatpatchoflichen's ghost (amateur DsMo)
  5468 | D:5      | Found a glowing drain.
  5477 | Sewer    | Entered a sewer
  5530 | Sewer    | Reached skill level 6 in Armour
  5761 | Sewer    | Reached **** piety under Trog
  6172 | D:5      | Found an ornate altar of the Wu Jian Council.
  6225 | D:5      | Identified a scroll of acquirement
  6225 | D:5      | Acquired the +3 pair of mountain boots {steadfast, rC+}
  6225 | D:5      | Found the +3 pair of mountain boots {steadfast, rC+}
  6916 | D:5      | Killed Thatpatchoflichen's ghost
  6917 | D:5      | Reached skill level 7 in Armour
  6917 | D:5      | Reached skill level 5 in Shields
  6917 | D:5      | Reached XP level 9. HP: 56/56 MP: 9/9
  7015 | D:6      | Noticed Menkaure
  7024 | D:6      | Noticed Dowan
  7028 | D:6      | Killed Menkaure
  7029 | D:6      | Noticed Maggie
  7031 | D:6      | Noticed Duvessa
  7042 | D:6      | Killed Duvessa
  7042 | D:6      | Killed Dowan
  7047 | D:6      | Killed Maggie
  7048 | D:6      | Reached skill level 8 in Armour
  7681 | D:6      | Found a staircase to the Ecumenical Temple.
  8161 | D:7      | Found a sand-covered staircase.
  8166 | Ossuary  | Entered an ossuary
  8234 | Ossuary  | Reached skill level 9 in Armour
  8624 | D:7      | Reached XP level 10. HP: 62/63 MP: 10/10
  8849 | D:7      | Killed an unseen horror
 10209 | D:8      | Found a broken altar of Ashenzari.
 10371 | D:8      | Reached skill level 10 in Armour
 10753 | D:8      | Found a runed translucent door.
 10754 | D:8      | Noticed Enrique's ghost (amateur MeFi)
 10764 | D:8      | Killed Enrique's ghost
 11233 | D:2      | Bought a scroll of poison for 44 gold pieces
 11233 | D:2      | Bought a scroll of magic mapping for 82 gold pieces
 11233 | D:2      | Bought a scroll of identify for 22 gold pieces
 11233 | D:2      | Bought a scroll of vulnerability for 44 gold pieces
 11233 | D:2      | Bought a scroll of teleportation for 33 gold pieces
 11233 | D:2      | Bought a scroll of teleportation for 33 gold pieces
 11400 | D:9      | Noticed Grum
 11417 | D:9      | Killed Grum
 11740 | D:9      | Noticed a two-headed ogre
 11741 | D:9      | Noticed a two-headed ogre
 11748 | D:9      | Killed a two-headed ogre
 11749 | D:9      | Reached skill level 11 in Armour
 11751 | D:9      | Reached skill level 10 in Axes
 11751 | D:9      | Reached XP level 11. HP: 69/69 MP: 11/11
 11753 | D:9      | Killed a two-headed ogre
 11756 | D:9      | Reached ***** piety under Trog
 11800 | D:9      | Noticed a cyclops
 11808 | D:9      | Killed a cyclops
 11888 | D:9      | Found a staircase to the Lair.
 12143 | D:9      | Noticed Harold
 12162 | D:9      | Killed Harold
 12368 | D:10     | Entered Level 10 of the Dungeon
 12413 | D:10     | Noticed Psyche
 12418 | D:10     | Killed Psyche
 12464 | D:10     | Noticed a two-headed ogre
 12474 | D:10     | Killed a two-headed ogre
 12552 | D:10     | Noticed a brown ugly thing
 12552 | D:10     | Noticed a two-headed ogre
 12552 | D:10     | Noticed a fire giant
 12552 | D:10     | Noticed a deep elf archer
 12588 | D:9      | Killed a fire giant
 12589 | D:9      | Reached skill level 12 in Armour
 12895 | D:9      | Killed a brown ugly thing
 13190 | D:9      | Killed a two-headed ogre
 13205 | D:9      | Noticed a death drake
 13205 | D:9      | a culicivora changed into a death drake
 13211 | D:9      | Killed a death drake
 14006 | D:10     | Killed a deep elf archer
 14184 | D:10     | Noticed Erolcha
 14201 | Abyss:1  | Found a corrupted altar of Lugonu.
 14201 | Abyss:1  | Cast into level 1 of the Abyss (Erolcha)
 14202 | Abyss:1  | Reached skill level 10 in Fighting
 14202 | Abyss:1  | Reached XP level 12. HP: 77/77 MP: 12/12
 14227 | Abyss:1  | Noticed a wretched star
 14319 | Abyss:1  | Noticed a thrashing horror
 14332 | Abyss:1  | Found a corrupted altar of Lugonu.
 14429 | Abyss:1  | Noticed a hell hog
 14429 | Abyss:1  | Noticed a hell hog
 14440 | Abyss:1  | HP: 1/77 [hell hog] (13)]
 14441 | Abyss:1  | Engulfed by a hell hog's flame

Illustrated notes

Levels and vault maps discovered:
D:1:      minmay_arrival_jagged, layout_loops_cross
D:2:      cheibrodos_helix_gallery, layout_loops_ring,
          shapermc_ecumenical_altar_rom_forum, basic_altar, serial_shops,
          nicolae_shop_statue_plus, minmay_misc_feat_hallway, uniq_robin,
          uniq_terence
D:3:      layout_rooms, mainiacjoe_overflow_cross_hatched,
          fedhas_altar_fruit_tree, gammafunk_temple_overflow_pools
D:4:      minmay_diamond_boxcup, layout_loops_ring,
          lemuel_coloured_pillars_altar, nicolae_ru_path_of_blood,
          mainiacjoe_overflow_catch_the_wave, minmay_manual_monolith,
          uniq_eustachio, uniq_crazy_yiuf_cottage, uniq_sigmund
D:5:      layout_basic, mainiacjoe_overflow_brackets, portal_sewer_entry_d,
          ebering_ghost_sewer_d
D:6:      layout_rooms, minmay_temple_entry_gardened_gates,
          minmay_fractal_squares_diagonal_5, uniq_duvessa, uniq_menkaure,
          uniq_maggie
D:7:      layout_layer_cave, nicolae_ossuary_entry_ruins
D:8:      layout_loops_ring, old_standard_altar, ebering_ghost_reflecting_pool,
          serial_co_window_serial, co_window_paths_b, co_window_corner_a,
          co_window_paths_a, co_window_paths_a, co_window_corner_a,
          co_window_paths_c, co_window_of_opportunity_b, co_window_paths_c,
          co_window_corner_cb, co_window_2corner, co_window_broadway_b,
          co_window_corner_b, co_window_sun, co_window_4corner_a,
          glass_columns_a
D:9:      minmay_opposing_rooms, layout_basic, lair_entry_dummy,
          skrybe_limestone_x, minivault_16, uniq_grum, uniq_harold
D:10:     nzn_winding_woodlands_cross [nzn_winding_woodlands_5x15_cabin,
          nzn_winding_woodlands_5x15_jagged, nzn_winding_woodlands_5x15_twine,
          nzn_winding_woodlands_5x15_eye, nzn_winding_woodlands_15x15_killbox],
          layout_irregular_city, uniq_erolcha, uniq_psyche
Abyss:1:  base: D:10, hangedman_abyss_batty_box

Skill      XL: |  1  2  3  4  5  6  7  8  9 10 11 |
---------------+----------------------------------+-----
Axes           | 3 4 5 7 8 10 11 | 11.5
Shields        | 1 2 3 4 5 6 7 9 |  9.4
Armour         | 3 4 5 7 9 11 12 | 12.9
Fighting       | 4 5 6 7 8 10 | 10.1
Dodging        | |  1.5

Action                   |  1- 3 |  4- 6 |  7- 9 | 10-12 || total
-------------------------+-------+-------+-------+-------++-------
Melee: Hand axe          |   115 |   222 |   179 |       ||   516
       Punch             |     1 |       |       |       ||     1
       War axe           |       |       |   290 |   331 ||   621
Invok: Berserk           |       |     2 |     5 |     8 ||    15
Evoke: Wand              |       |       |       |    10 ||    10
  Use: Scroll            |       |     6 |     6 |    13 ||    25
       Potion            |       |       |     2 |     5 ||     7
 Stab: Sleeping          |     1 |       |       |       ||     1
       Distracted        |       |       |       |     1 ||     1
Armor: Animal skin       |    32 |       |       |       ||    32
       Scale mail        |       |   102 |   196 |       ||   298
       Swamp dragon scal |       |       |    75 |    29 ||   104
       Plate armour      |       |       |       |   226 ||   226
Dodge: Dodged            |    81 |    96 |   224 |    94 ||   495
Block: Buckler           |     6 |    27 |   101 |     5 ||   139
       Tower shield      |       |       |       |   298 ||   298
